 Dungeon Crawl Stone Soup version 0.17-a0-1582-ge6b0260 (webtiles) character file.

149 urechis the Magician (level 5, -1/28 HPs)
             Began as a Gargoyle Wizard on July 27, 2015.
             Slain by a scorpion (6 damage)
             ... on level 4 of the Dungeon.
             The game lasted 00:07:04 (3389 turns).

urechis the Magician (Gargoyle Wizard)              Turns: 3389, Time: 00:07:04

Health: -1/28      AC:  7    Str: 10    XL:     5   Next: 31%
Magic:  1/11       EV: 11    Int: 20    God:
Gold:   207        SH:  0    Dex:  8    Spells: 1 memorised, 11 levels left

rFire  + . .     SeeInvis .     z - +0 short sword
rCold  . . .     Clarity  .     a - +0 robe
rNeg   + . .     SustAt   .     (no shield)
rPois  ∞         Gourm    .     s - +1 hat
rElec  +         Spirit   .     (no cloak)
rCorr  .         Warding  .     (no gloves)
rMut   .         Stasis   .     (no boots)
MR     .....                    (no amulet)
Stlth  ++........               q - ring of protection from fire
                                (no ring)

@: not resistant to hostile enchantments, unstealthy
A: negative energy resistance 1, electricity resistance, unbreathing,
petrification resistance, rot immunity, AC +4
a: no special abilities


You were on level 4 of the Dungeon.
You were hungry.

You visited 1 branch of the dungeon, and saw 4 of its levels.

You collected 207 gold pieces.

Inventory:

Hand weapons
 z - a +0 short sword (weapon)
Armour
 a - a +0 robe (worn)
 l - a +0 large shield of resistance
 n - a +0 buckler
 s - a +1 hat (worn)
Jewellery
 q - a ring of protection from fire (right hand)
Magical devices
 u - a wand of magic darts (19)
Scrolls
 b - a scroll of remove curse {unknown}
 g - 3 scrolls of enchant armour {unknown}
 j - a scroll of amnesia {unknown}
 k - a scroll of random uselessness {unknown}
 m - 4 scrolls of identify {unknown}
 r - 4 scrolls of enchant weapon {unknown}
 t - 2 scrolls of blinking {unknown}
 w - a scroll of immolation {unknown}
 y - a scroll of recharging {unknown}
Potions
 e - a potion of cure mutation {unknown}
 h - 2 potions of beneficial mutation {unknown}
 o - a potion of flight {unknown}
 x - a potion of haste {unknown}
Books
 c - a book of Minor Magic

   Spells                             Type                      Level
   a - Magic Dart                     Conjuration                  1
   b - Blink                          Translocation                2
   c - Call Imp                       Summoning                    2
   d - Repel Missiles                 Charms/Air                   2
   e - Slow                           Hexes                        2
   f - Conjure Flame                  Conjuration/Fire             3
   g - Mephitic Cloud                 Conjuration/Poison/Air       3
Comestibles
 d - 3 bread rations
 f - a beef jerky
 i - 2 meat rations
 p - 4 fruits
 v - a slice of pizza


   Skills:
 - Level 1.5 Dodging
 - Level 2.1 Stealth
 + Level 4.2 Spellcasting
 * Level 4.1 Conjurations
   Level 0.8 Summonings
   Level 0.8 Translocations


You had 11 spell levels left.
You knew the following spells:

 Your Spells              Type           Power        Failure   Level  Hunger
a - Magic Dart            Conj           ###.         2%          1    None


Dungeon Overview and Level Annotations

Branches:
Dungeon (4/15)
 Temple: D:4-7

Altars:
Cheibriados
The Shining One


Innate Abilities, Weirdness & Mutations

You are resistant to torment.
Your stone body is resilient (AC +4).
You are immune to poison.
You resist negative energy.
You are resistant to electric shocks.
You can survive without breathing.
You are immune to petrification.
You are immune to rotting.


Message History

The magic dart hits the scorpion.
The scorpion is severely wounded.
The scorpion stings you.
* * * LOW HITPOINT WARNING * * *
You hit the scorpion.
The scorpion is severely wounded.
The scorpion closely misses you.
You hit the scorpion but do no damage.
The scorpion is severely wounded.
The scorpion stings you.
* * * LOW HITPOINT WARNING * * *
Casting: Magic Dart
Confirm with . or Enter, or press ? or * to list all spells.
Aiming: Magic Dart
Press: ? - help, Shift-Dir - straight line, f/p - scorpion
Aim: a scorpion (severely wounded)
The magic dart hits the scorpion.
The scorpion is severely wounded.
The scorpion stings you.
You die...

.....................>#....#....#
...###.#.....###.#.####.#######.#
# #.#####.#...#.####.## #.# #..
#.#.###.......# ##.# ###
#.#...######### #..# ..###.# #.##
### #.# #.# #s# #.# ##@### #.#
##....#######. #.# #..<#.........
#.# ###.#.######## #.#
#...#.......# #.#
###.###.#####... #.# #.......#
###### #.# ###.#.##### #....# #.#
#...#.# ###.##.###.#


You could see a scorpion.

Vanquished Creatures
  An orc wizard (D:3)
  An orc priest (D:2)
  An adder (D:3)
  3 oozes (D:1)
  A worm (D:2)
  3 giant geckos
  2 orcs
  12 bats
  3 giant cockroaches
  10 goblins
  8 hobgoblins
  3 giant newts
  8 kobolds
  7 rats
63 creatures vanquished.

Notes
Turn   | Place    | Note
--------------------------------------------------------------
     0 | D:1      | urechis the Gargoyle Wizard began the quest for the Orb.
     0 | D:1      | Reached XP level 1. HP: 10/10 MP: 4/4
   276 | D:1      | Reached XP level 2. HP: 10/15 MP: 6/6
   638 | D:1      | Reached XP level 3. HP: 16/19 MP: 0/7
  1421 | D:2      | Found a glowing golden altar of the Shining One.
  1669 | D:2      | Found a snail-covered altar of Cheibriados.
  1927 | D:2      | Reached XP level 4. HP: 12/24 MP: 1/9
  2684 | D:3      | Reached skill level 4 in Spellcasting
  2714 | D:3      | Reached XP level 5. HP: 16/28 MP: 3/11
  3389 | D:4      | Slain by a scorpion

Vault maps used:
D:1:      saegor_arrival_simple_f
D:2:      minmay_door_path, nicolae_tso_carved_into_rock, old_standard_altar,
          first_bread, st_stairs_4
D:3:      serial_park_tiny_2
D:4:      nicolae_overflow_crystal_walls

Action                   |  1- 3 |  4- 6 || total
-------------------------+-------+-------++-------
Melee: Dagger            |    81 |    18 ||    99
       Short sword       |       |    13 ||    13
 Cast: Magic Dart        |    87 |    86 ||   173
 Stab: Sleeping          |     2 |       ||     2
  Eat: Chunk             |     1 |     5 ||     6
       Fruit             |       |     1 ||     1
